 Dungeon Crawl Stone Soup version 0.23-a0-650-ga4d50d4 (webtiles) character file.

17 Borgoz the Cudgeler (level 2, 0/17 HPs)
             Began as a Gargoyle Gladiator on Jan 3, 2019.
             Slain by a worm (5 damage)
             ... on level 2 of the Dungeon.
             The game lasted 00:01:08 (1431 turns).

Borgoz the Cudgeler (Gargoyle Gladiator)            Turns: 1431, Time: 00:01:08

Health: 0/17       AC:  6    Str: 17    XL:     2   Next: 62%
Magic:  2/2        EV: 12    Int:  8    God:
Gold:   24         SH:  0    Dex: 11    Spells: 1/1 levels left

rFire    . . .     SeeInvis .   a - +0 flail
rCold    . . .     Gourm    .   (no shield)
rNeg     + . .     Faith    .   b - +0 leather armour
rPois    ∞         Spirit   .   c - +0 helmet
rElec    +         Reflect  .   (no cloak)
rCorr    .         Harm     .   (no gloves)
MR       .....                  (no boots)
Stlth    +.........             (no amulet)
HPRegen  0.05/turn              (no ring)
MPRegen  0.08/turn              (no ring)

@: no status effects
A: negative energy resistance 1, electricity resistance, unbreathing,
petrification resistance, rot immunity, AC +2
a: no special abilities


You were on level 2 of the Dungeon.
You were near starving.

You visited 1 branch of the dungeon, and saw 2 of its levels.

You collected 24 gold pieces.

Inventory:

Hand Weapons
 a - a +0 flail (weapon)
 k - a +0 dagger of pain
Missiles
 d - 3 throwing nets (quivered)
Armour
 b - a +0 leather armour (worn)
 c - a +0 helmet (worn)
Jewellery
 j - a cursed -2 ring of evasion {unknown}
 n - an uncursed amulet of the acrobat {unknown}
Scrolls
 e - 3 scrolls of identify {unknown}
 g - a scroll of magic mapping {unknown}
 h - a scroll of enchant armour {unknown}
 i - a scroll of blinking {unknown}
Potions
 l - 3 potions of curing {unknown}
 m - 2 potions of heal wounds {unknown}
Comestibles
 f - a ration


   Skills:
 + Level 2.2 Fighting
 + Level 3.2 Maces & Flails
 + Level 1.8 Throwing
 + Level 1.0 Armour
 + Level 2.7 Dodging


You had one spell level left.
You didn't know any spells.
Your spell library was empty.

Dungeon Overview and Level Annotations

Branches:
Dungeon (2/15)

Altars:


Innate Abilities, Weirdness & Mutations

You are resistant to torment.
Your stone body is resilient. (AC +2)
You are immune to poison.
You resist negative energy. (rN+)
You are resistant to electric shocks. (rElec)
You can survive without breathing.
You are immune to petrification.
You are immune to rotting.


Message History

The leopard gecko closely misses you.
You are too injured to fight recklessly!
You are too injured to fight recklessly!
The leopard gecko barely misses you. The leopard gecko barely misses you.
Found an escape hatch in the ceiling.
You closely miss the leopard gecko.
You are near starving!
The leopard gecko barely misses you.
The leopard gecko bites you but does no damage.
You miss the leopard gecko.
The leopard gecko completely misses you.
You sock the leopard gecko!
You kill the leopard gecko!
You hit the worm.
The worm is moderately wounded.
You hit the worm.
The worm is moderately wounded.
The worm bites you.
You die... #.#<# . .#.. .♣♣ .♣.♣♣♣.. ....♣.♣ PP...

P.. ♣♣.♣ #.@#
###+###+##w#
#..........#
#..........#
#....?.....#
#..........##
#....<......#
#.........#.#
#.........#..#


You could see a worm.

Vanquished Creatures
  A leopard gecko (D:2)
  2 giant cockroaches (D:1)
  3 goblins (D:1)
  3 hobgoblins (D:1)
  3 jackals (D:1)
  A bat (D:1)
13 creatures vanquished.

Notes
Turn   | Place    | Note
-------+----------+-------------------------------------------
     0 | D:1      | Borgoz the Gargoyle Gladiator began the quest for the Orb.
     0 | D:1      | Reached XP level 1. HP: 12/12 MP: 1/1
   263 | D:1      | Reached XP level 2. HP: 8/17 MP: 2/2
   790 | D:1      | Reached skill level 1 in Armour
  1431 | D:2      | Slain by a worm

Vault maps used:
D:1:      minmay_arrival_arboretum_small, serial_co_window_serial,
          co_window_paths_a, co_window_cross_1, co_window_of_opportunity_a,
          co_window_corner_a, co_window_corner_a, co_window_corner_b,
          co_window_corner_ca, co_window_cross_2, co_window_corner_cb,
          co_window_unsneaky_path_c, co_window_sun, glass_columns_c,
          glass_columns_a, glass_columns_c, glass_columns_c, glass_columns_b
D:2:      first_ration, serial_forest, infiniplex_forest_clump_long,
          infiniplex_forest_clump_small, infiniplex_forest_end_1,
          infiniplex_forest_lined_3_way, infiniplex_forest_lined_2,
          infiniplex_forest_zigzag_1, infiniplex_forest_clump_small,
          infiniplex_forest_straight_4, infiniplex_forest_corner_1,
          infiniplex_forest_lined_4_way, uniq_jessica

Skill      XL: |  1  2 |
---------------+-------+-----
Armour         | 1 |  1.0
Fighting       | |  2.2
Maces & Flails | |  3.2
Throwing       | |  1.8
Dodging        | |  2.7

Action                   || total
-------------------------++-------
Melee: Flail             ||    54
Armor: Leather armour    ||    33
Dodge: Dodged            ||    45

Table legend:
 A = Non-vault XP
 B = Vault XP
 C = Vault XP percentage of total XP
 D = Non-vault monster count
 E = Vault monster count
 F = Vault count percentage of total count
                 A         B        C        D         E       F
            +---------+---------+-------+---------+---------+-------
      Total |      25 |       0 |   0.0 |      13 |       0 |   0.0
            +---------+---------+-------+---------+---------+-------
        D:1 |      22 |       0 |   0.0 |      12 |       0 |   0.0
        D:2 |       3 |       0 |   0.0 |       1 |       0 |   0.0
            +---------+---------+-------+---------+---------+-------
